 Dungeon Crawl Stone Soup version 0.30.0-10-gfe55d96785 (webtiles) character file.

Game seed: 17062296765306849771

1454 qw the Chopper (level 8, -1/49 HPs)
             Began as a Gargoyle Cinder Acolyte on May 17, 2023.
             Was an Elder of Ignis.
             Slain by an orc wizard
             ... wielding a +0 dagger
              (3 damage)
             ... on level 7 of the Dungeon.
             The game lasted 00:02:54 (5568 turns).

qw the Chopper (Gargoyle Cinder Acolyte)            Turns: 5568, Time: 00:02:54

Health: -1/49      AC: 24    Str: 18    XL:     8   Next: 76%
Magic:  9/9        EV:  9    Int: 20    God:    Ignis [****..]
Gold:   362        SH:  8    Dex:  4    Spells: 9/9 levels left

rFire   + . .        Y - -1 hand axe (flame)
rCold   . . .        o - +0 kite shield
rNeg    + . .        p - +0 plate armour
rPois   inf          (helmet restricted)
rElec   +            (no cloak)
rCorr   .            (no gloves)
SInv    .            (no boots)
Will    +....        f - amulet of regeneration Stlth
                     g - +5 ring of evasion
HPRegen 1.08/turn    l - ring of willpower
MPRegen 0.11/turn

%: no passive effects
@: fiery-armoured
A: sickness immunity, AC +5, negative energy resistance 1, electricity
resistance, torment resistance 1, petrification resistance, horns 1, clever 1
a: Renounce Religion, Fiery Armour, Foxfire Swarm, Rising Flame


You were on level 7 of the Dungeon.
You worshipped Ignis.
Ignis was greatly pleased with you.
You visited 1 branch of the dungeon, and saw 7 of its levels.

You collected 362 gold pieces.


Innate Abilities, Weirdness & Mutations

You are immune to sickness and miasma.
Your stone body is resilient. (AC +5)
You are immune to poison.
You resist negative energy. (rN+)
You are resistant to electric shocks. (rElec)
You are resistant to unholy torment.
You are immune to petrification.
You have a pair of small horns on your head.
Your mind is acute. (Int +4, Str/Dex -1)


   Skills:
 - Level 5.3 Fighting
 - Level 7.0 Axes
 + Level 3.4 Armour
 - Level 6.2 Shields
 - Level 1.0 Spellcasting
 - Level 3.0 Fire Magic


You had 9 spell levels left.
You didn't know any spells.
Your spell library contained the following spells:

 Spells                   Type           Power      Damage    Failure   Level
 Scorch                   Fire           26%        2d6       100%        2

Inventory:

Hand Weapons
 Y - a -1 hand axe of flaming (weapon)
Missiles
 n - 7 boomerangs (quivered)
Armour
 o - a +0 kite shield (worn)
 p - a +0 plate armour (worn)
Jewellery
 f - an amulet of regeneration (around neck)
 g - a +5 ring of evasion (left hand)
 l - a ring of willpower (right hand)
Scrolls
 a - a scroll of identify
Potions
 c - 2 potions of might
 e - a potion of haste
 h - a potion of curing
 j - a potion of heal wounds
 m - 3 potions of mutation
 q - a potion of lignification {unknown}
 r - a potion of magic {unknown}

Dungeon Overview and Level Annotations

Branches:
Dungeon (7/15)             Temple (0/1) D:5

Altars:
Wu Jian

Shops:
D:1 =   D:3 ==

Annotations:
D:6 1 runed translucent door, qw's ghost, novice GrCA


Message History

Lua error: [string "/dgldir/rcfiles/crawl-bot-0.30/qwlua.rc"]:3701: Cannot currently process new keys (there is pending input)
You closely miss the wight. You headbutt the wight.
The wight is almost destroyed.
You hit something but do no damage. You closely miss the wight.
The wight misses you.
You hear some strange, mumbled words.
A puff of flame appears from out of thin air!
Deactivating autopickup; reactivate with Ctrl-A.
The puff of flame misses you. You block the wight's attack. x2
The orc wizard gestures wildly while chanting.
The orc wizard flickers and vanishes!
Something hits you but does no damage. The wight hits you but does no damage.
The wight is burned by your cloak of flames.
The wight is moderately damaged.
You block the wight's attack. The wight hits you but does no damage.
The wight hits you with a +4 mace of freezing.
The wight freezes you.
The wight is burned by your cloak of flames.
You destroy the wight!
Autopickup is now on.
Lua error: [string "/dgldir/rcfiles/crawl-bot-0.30/qwlua.rc"]:3701: Cannot currently process new keys (there is pending input)
You barely miss the wight. Your headbutt misses the wight.
The wight is moderately damaged.
You miss something. You block the wight's attack. The wight closely misses you.
The wight hits you from afar with a +0 halberd.
You block something's attack.
Deactivating autopickup; reactivate with Ctrl-A.
Autopickup is now on.
Lua error: [string "/dgldir/rcfiles/crawl-bot-0.30/qwlua.rc"]:3701: Cannot currently process new keys (there is pending input)
You hit the wight but do no damage. You headbutt the wight.
The wight is severely damaged.
You miss something. You closely miss something.
A wight comes into view. It is wielding a +3 short sword.
The wight hits you with a +2 long sword!
The wight is burned by your cloak of flames.
The wight is almost destroyed.
The wight hits you from afar with a +0 halberd.
Something hits you.
You die...

#.# # #.# . ..###
#.# #. .....(#.#
.. #...#.# .###
#...<## ...#
##....###### z..#
#.........###{..#
##..#####...@{..#
#...# #####z..#
#..## zz.# #..
z..# ... ...#
...# ...# ...#
...# ....


You could see 5 wights.

Vanquished Creatures
  A water moccasin (D:7)
  2 centaurs (D:6)
  A bullfrog (D:6)
  A scorpion (D:5)
  4 wights (D:7)
  3 howler monkeys
  A hound (D:5)
  3 jellies
  2 orc priests
  4 iguanas
  9 orc wizards
  7 gnolls (D:5)
  5 adders
  A shadow imp (D:6)
  3 ufetubi
  A dart slug (D:2)
  22 orcs
  13 bats
  8 endoplasms
  2 giant cockroaches
  8 goblins
  4 hobgoblins (D:1)
  4 jackals (D:5)
  8 kobolds
  A quokka (D:3)
  3 ball pythons
  A frilled lizard (D:3)
  4 rats
126 creatures vanquished.

Vanquished Creatures (others)
  A dart slug (D:4)
1 creature vanquished.

Grand Total: 127 creatures vanquished

Notes
Turn   | Place    | Note
-------+----------+-------------------------------------------
     0 | D:1      | qw the Gargoyle Cinder Acolyte began the quest for the Orb.
     0 | D:1      | Reached XP level 1. HP: 14/14 MP: 2/2
     0 | D:1      | 0 ||| qw: Version: 0.2-a-95-g4c1bab1
     0 | D:1      | 0 ||| qw: Game counter: 126
     0 | D:1      | 0 ||| qw: Always use a shield: true
     0 | D:1      | 0 ||| qw: God list: Okawaru
     0 | D:1      | 0 ||| qw: Allow faded altars: false
     0 | D:1      | 0 ||| qw: Do Orc after D:15 true
     0 | D:1      | 0 ||| qw: Do second Lair branch before Depths: true
     0 | D:1      | 0 ||| qw: Lair rune preference: random
     0 | D:1      | 0 ||| qw: Plans: Normal
     0 | D:1      | 0 ||| PLANNING D:1-11
    59 | D:1      | 59 ||| Stepping ~*~*~tactically~*~*~ (stealth).
    69 | D:1      | Reached skill level 3 in Axes
    70 | D:1      | 70 ||| Stepping ~*~*~tactically~*~*~ (stealth).
    92 | D:1      | Reached XP level 2. HP: 17/19 MP: 3/3
   128 | D:1      | Found Gihej's Jewellery Emporium.
   153 | D:1      | 153 ||| SHOPLISTING +5 ring of evasion (504 gold, have 8).
   153 | D:1      | 153 ||| SHOPLISTING ring of fire (350 gold, have 8).
   153 | D:1      | 153 ||| SHOPLISTING ring of protection from cold (350 gold,
                  | have 8).
   153 | D:1      | 153 ||| SHOPLISTING ring of resist corrosion (280 gold,
                  | have 8).
   243 | D:1      | 243 ||| Stepping ~*~*~tactically~*~*~ (hiding).
   777 | D:1      | Reached XP level 3. HP: 20/23 MP: 4/4
  1194 | D:1      | 1194 ||| UPGRADING to +0 ring mail.
  1204 | D:1      | 1204 ||| DROPPING +0 robe.
  1205 | D:1      | 1205 ||| UPGRADING to +5 ring of evasion.
  1206 | D:1      | 1206 ||| READING 3 scrolls labelled GUMEEM WENAMO.
  1207 | D:1      | 1207 ||| READING scroll labelled KILA YDEDYFESI.
  1208 | D:1      | 1208 ||| READING scroll labelled RAFAUBBOLL.
  1209 | D:1      | 1209 ||| READING scroll labelled MUPLYE WE BUU.
  1213 | D:1      | 1213 ||| READING 2 scrolls of identify.
  1213 | D:1      | 1213 ||| IDENTIFYING fuming ruby potion
  1378 | D:2      | Reached skill level 4 in Axes
  1462 | D:2      | Reached skill level 1 in Armour
  1660 | D:2      | 1660 ||| Stepping ~*~*~tactically~*~*~ (hiding).
  1661 | D:2      | 1661 ||| Stepping ~*~*~tactically~*~*~ (hiding).
  1664 | D:2      | 1664 ||| Stepping ~*~*~tactically~*~*~ (hiding).
  1760 | D:2      | 1760 ||| UPGRADING to ring of willpower.
  1761 | D:2      | 1761 ||| READING scroll labelled TOPNUP JEACLO.
  1761 | D:2      | Identified a scroll of acquirement
  1761 | D:2      | 1761 ||| ACQUIRING amulet of regeneration
  1761 | D:2      | Acquired an amulet of regeneration
  1763 | D:2      | 1763 ||| UPGRADING to amulet of regeneration.
  1768 | D:2      | 1768 ||| READING scroll labelled VEFRAFR MAKUCS.
  1769 | D:2      | 1769 ||| DRINKING 2 bubbling coppery potions.
  1770 | D:2      | 1770 ||| DROPPING potion of attraction.
  1812 | D:3      | 1812 ||| Stepping ~*~*~tactically~*~*~ (stealth).
  1820 | D:3      | Reached XP level 4. HP: 23/28 MP: 5/5
  1838 | D:3      | Found a faded altar of an unknown god.
  1859 | D:3      | Found Venamaefe's Jewellery Shop.
  1867 | D:3      | 1867 ||| SHOPLISTING +5 ring of evasion (468 gold, have
                  | 129).
  1867 | D:3      | 1867 ||| SHOPLISTING +6 ring of dexterity (468 gold, have
                  | 129).
  1867 | D:3      | 1867 ||| SHOPLISTING amulet of reflection (390 gold, have
                  | 129).
  1867 | D:3      | 1867 ||| SHOPLISTING ring "Kelug" {+Blink Fly rPois Int-5
                  | Dex+2} (382 gold, have 129).
  1867 | D:3      | 1867 ||| SHOPLISTING ring of ice (325 gold, have 129).
  1867 | D:3      | 1867 ||| SHOPLISTING ring of protection from fire (325
                  | gold, have 129).
  2089 | D:3      | Found an ornate altar of the Wu Jian Council.
  2108 | D:3      | Found Onaluph's Jewellery Shop.
  2128 | D:3      | 2128 ||| SHOPLISTING +5 ring of evasion (504 gold, have
                  | 149).
  2128 | D:3      | 2128 ||| SHOPLISTING amulet of reflection (420 gold, have
                  | 149).
  2128 | D:3      | 2128 ||| SHOPLISTING ring of fire (350 gold, have 149).
  2128 | D:3      | 2128 ||| SHOPLISTING ring of protection from cold (350
                  | gold, have 149).
  2288 | D:3      | 2288 ||| Stepping ~*~*~tactically~*~*~ (stealth).
  2734 | D:3      | 2734 ||| Stepping ~*~*~tactically~*~*~ (stealth).
  2735 | D:3      | 2735 ||| Stepping ~*~*~tactically~*~*~ (stealth).
  2736 | D:3      | 2736 ||| Stepping ~*~*~tactically~*~*~ (stealth).
  2888 | D:3      | 2888 ||| UPGRADING to +0 chain mail.
  2898 | D:3      | 2898 ||| DROPPING +0 ring mail.
  2899 | D:3      | 2899 ||| UPGRADING to +0 kite shield.
  2904 | D:3      | 2904 ||| UPGRADING to +0 plate armour.
  2914 | D:3      | 2914 ||| DROPPING +0 chain mail.
  2915 | D:3      | 2915 ||| READING scroll labelled LOIHUA FIGGU.
  2916 | D:3      | 2916 ||| DRINKING 2 fuming grey potions.
  2916 | D:3      | Gained mutation: Your mind is acute. (Int +4, Str/Dex -1)
                  | [potion of mutation]
  2916 | D:3      | Gained mutation: You have a pair of small horns on your
                  | head. [potion of mutation]
  2934 | D:4      | 2934 ||| Stepping ~*~*~tactically~*~*~ (hiding).
  2938 | D:4      | 2938 ||| INVOKING Fiery Armour.
  2940 | D:4      | Reached skill level 1 in Shields
  2941 | D:4      | 2941 ||| Stepping ~*~*~tactically~*~*~ (hiding).
  2947 | D:4      | Reached XP level 5. HP: 32/32 MP: 6/6
  3079 | D:4      | 3079 ||| Stepping ~*~*~tactically~*~*~ (stealth).
  3108 | D:4      | Reached skill level 3 in Shields
  3263 | D:4      | Reached XP level 6. HP: 33/37 MP: 7/7
  3265 | D:4      | 3265 ||| Stepping ~*~*~tactically~*~*~ (hiding).
  3269 | D:4      | 3269 ||| Stepping ~*~*~tactically~*~*~ (hiding).
  3274 | D:4      | 3274 ||| Stepping ~*~*~tactically~*~*~ (hiding).
  3280 | D:4      | 3280 ||| INVOKING Fiery Armour.
  3348 | D:4      | 3348 ||| Stepping ~*~*~tactically~*~*~ (hiding).
  3359 | D:4      | 3359 ||| Stepping ~*~*~tactically~*~*~ (hiding).
  3362 | D:4      | 3362 ||| Stepping ~*~*~tactically~*~*~ (hiding).
  3364 | D:4      | 3364 ||| Stepping randomly (disturbance).
  3365 | D:4      | 3365 ||| Stepping randomly (disturbance).
  3366 | D:4      | 3366 ||| Stepping ~*~*~tactically~*~*~ (hiding).
  3367 | D:4      | 3367 ||| Stepping ~*~*~tactically~*~*~ (hiding).
  3368 | D:4      | 3368 ||| Stepping ~*~*~tactically~*~*~ (hiding).
  3477 | D:4      | 3477 ||| Stepping ~*~*~tactically~*~*~ (stealth).
  3478 | D:4      | 3478 ||| Stepping ~*~*~tactically~*~*~ (stealth).
  3482 | D:4      | 3482 ||| Stepping ~*~*~tactically~*~*~ (stealth).
  3617 | D:4      | Identified the +1 spear "Gosuc" {venom, Fly rC- Will+
                  | Dex+4}
  3691 | D:4      | 3691 ||| DRINKING 2 bubbling puce potions.
  3720 | D:5      | Entered Level 5 of the Dungeon
  4021 | D:5      | Found a staircase to the Ecumenical Temple.
  4066 | D:5      | Identified the +1 mace of Famine {speed, Fragile rF- rC+++
                  | SInv}
  4080 | D:5      | Reached XP level 7. HP: 41/41 MP: 8/8
  4097 | D:5      | Reached skill level 5 in Axes
  4297 | D:5      | Reached skill level 3 in Armour
  4323 | D:5      | 4323 ||| Stepping ~*~*~tactically~*~*~ (hiding).
  4325 | D:5      | 4325 ||| Stepping ~*~*~tactically~*~*~ (hiding).
  4326 | D:5      | 4326 ||| Stepping ~*~*~tactically~*~*~ (hiding).
  4327 | D:5      | 4327 ||| Stepping ~*~*~tactically~*~*~ (hiding).
  4774 | D:5      | 4774 ||| READING scroll labelled VUSTUA MISM.
  4775 | D:5      | 4775 ||| READING scroll labelled WIGHOASTRIU.
  4776 | D:5      | 4776 ||| READING scroll labelled QESHYLI EKLEM.
  4777 | D:5      | 4777 ||| READING scroll labelled ISTIMP MEAJY.
  4778 | D:5      | 4778 ||| DRINKING 2 bubbling pink potions.
  4779 | D:5      | 4779 ||| READING 4 scrolls of identify.
  4779 | D:5      | 4779 ||| IDENTIFYING clear potion
  4780 | D:5      | 4780 ||| READING 3 scrolls of identify.
  4780 | D:5      | 4780 ||| IDENTIFYING bubbling grey potion
  4781 | D:5      | 4781 ||| READING 2 scrolls of identify.
  4781 | D:5      | 4781 ||| IDENTIFYING bubbling dark potion
  4782 | D:5      | 4782 ||| DROPPING potion of flight.
  4783 | D:5      | 4783 ||| DROPPING potion of degeneration.
  4836 | D:6      | 4836 ||| Stepping ~*~*~tactically~*~*~ (hiding).
  4838 | D:6      | 4838 ||| Stepping ~*~*~tactically~*~*~ (hiding).
  4935 | D:6      | Found a runed translucent door.
  4947 | D:6      | 4947 ||| INVOKING Fiery Armour.
  4951 | D:6      | Reached skill level 6 in Axes
  4951 | D:6      | Reached XP level 8. HP: 20/48 MP: 9/9
  4986 | D:6      | 4986 ||| Stepping ~*~*~tactically~*~*~ (hiding).
  4987 | D:6      | 4987 ||| Stepping ~*~*~tactically~*~*~ (hiding).
  4989 | D:6      | 4989 ||| Stepping ~*~*~tactically~*~*~ (hiding).
  4990 | D:6      | 4990 ||| Stepping ~*~*~tactically~*~*~ (hiding).
  4991 | D:6      | Noticed qw's ghost (novice GrCA)
  4991 | D:6      | 4991 ||| Stepping ~*~*~tactically~*~*~ (hiding).
  4992 | D:6      | 4992 ||| Stepping ~*~*~tactically~*~*~ (hiding).
  5000 | D:6      | Reached skill level 6 in Shields
  5004 | D:6      | HP: 6/48 [orc priest/divine providence (13)]
  5005 | D:6      | 5005 ||| READING scroll of teleportation.
  5006 | D:6      | 5006 ||| DRINKING 2 potions of heal wounds.
  5334 | D:6      | 5334 ||| Stepping ~*~*~tactically~*~*~ (hiding).
  5335 | D:6      | 5335 ||| Stepping ~*~*~tactically~*~*~ (hiding).
  5551 | D:7      | 5551 ||| INVOKING Fiery Armour.
  5559 | D:7      | Reached skill level 7 in Axes
  5568 | D:7      | HP: 8/49 [wight/+2 long sword (11)]
  5568 | D:7      | HP: 2/49 [wight/+0 halberd (6)]
  5568 | D:7      | Slain by an orc wizard

Levels and vault maps discovered:
D:1:      minmay_arrival_jagged, layout_loops_corners, serial_shops,
          nicolae_diamond_shop
D:2:      layout_basic, bh_walls_and_bars
D:3:      layout_basic, mainiacjoe_overflow_surrounded_room,
          hellmonk_ecumenical_altar_lost_god, serial_shops, shop, shop,
          minivault_24, chequers_serial_rivers_large_b
D:4:      layout_loops_cross, minivault_26
D:5:      layout_gridville, minmay_temple_entry_mini_moons
D:6:      layout_cave_pools, ebering_ghost_sewer_d
D:7:      layout_rooms, gammafunk_ghost_wrathful_warriors

Skill      XL: |  1  2  3  4  5  6  7  8 |
---------------+-------------------------+-----
Axes           | 3 4 6 7 |  7.0
Armour         | 1 2 3 |  3.4
Shields        | 2 3 5 6 |  6.2
Fighting       | 4 5 |  5.3
Spellcasting   | |  1.0
Fire Magic     | |  3.0

Action                     |  1- 3 |  4- 6 |  7- 9 || total
---------------------------+-------+-------+-------++-------
  Melee: Hand axe          |   140 |   193 |   180 ||   513
         Headbutt          |       |     9 |    16 ||    25
  Throw: Boomerang         |       |    41 |    27 ||    68
 Invoke: Fiery Armour      |       |     2 |     2 ||     4
    Use: Scroll            |     7 |     1 |     8 ||    16
         Potion            |     1 |     2 |     2 ||     5
 Armour: Robe              |    18 |       |       ||    18
         Ring mail         |    20 |    23 |       ||    43
         Plate armour      |       |    82 |   146 ||   228
  Dodge: Dodged            |    74 |   121 |    77 ||   272
  Block: Kite shield       |       |    34 |    84 ||   118

Table legend:
 A = Non-vault XP
 B = Vault XP
 C = Vault XP percentage of total XP
 D = Non-vault monster count
 E = Vault monster count
 F = Vault count percentage of total count
                 A         B        C        D         E       F
            +---------+---------+-------+---------+---------+-------
      Total |    2078 |       0 |   0.0 |     126 |       0 |   0.0
            +---------+---------+-------+---------+---------+-------
        D:1 |      45 |       0 |   0.0 |      27 |       0 |   0.0
        D:2 |      30 |       0 |   0.0 |      10 |       0 |   0.0
        D:3 |      51 |       0 |   0.0 |      19 |       0 |   0.0
        D:4 |     440 |       0 |   0.0 |      25 |       0 |   0.0
        D:5 |     421 |       0 |   0.0 |      20 |       0 |   0.0
        D:6 |     622 |       0 |   0.0 |      18 |       0 |   0.0
        D:7 |     469 |       0 |   0.0 |       7 |       0 |   0.0
            +---------+---------+-------+---------+---------+-------
